 Dungeon Crawl Stone Soup version 0.17-a0-1435-geafbe2f (webtiles) character file.

338 mrath the Poker (level 6, -3/46 HPs)
             Began as a Merfolk Gladiator on June 26, 2015.
             Was a Believer of Nemelex Xobeh.
             Slain by an ice beast (4 damage)
             ... on level 5 of the Dungeon on June 27, 2015.
             The game lasted 01:17:11 (5033 turns).

mrath the Poker (Merfolk Gladiator)                 Turns: 5033, Time: 01:17:11

Health: -3/46      AC: 10    Str: 16    XL:     6   Next: 55%
Magic:  6/6        EV:  9    Int:  7    God:    Nemelex Xobeh [**....]
Gold:   261        SH:  0    Dex: 16    Spells: 0 memorised, 5 levels left

rFire  + + .     SeeInvis .     h - +0 spear (venom)
rCold  x . .     Clarity  .     J - +0 chain mail
rNeg   . . .     SustAt   .     (no shield)
rPois  .         Gourm    .     c - +0 helmet
rElec  .         Spirit   .     (no cloak)
rCorr  .         Warding  .     y - +0 pair of gloves
rMut   .         Stasis   +     (no boots)
MR     .....                    G - amulet of stasis
Stlth  ..........               P - ring of protection from fire
                                r - ring of fire

@: not resistant to hostile enchantments, extremely unstealthy
A: change form in water, swift swim
a: Renounce Religion


You were on level 5 of the Dungeon.
You worshipped Nemelex Xobeh.
Nemelex Xobeh was pleased with you.
You were not hungry.

You visited 1 branch of the dungeon, and saw 5 of its levels.

You collected 261 gold pieces.

Inventory:

Hand weapons
 a - a +0 trident
 h - a +0 spear of venom (weapon)
 l - a +0 halberd
 q - a +0 flail
 t - a +1 vampiric war axe
 C - a cursed +0 rapier
 H - a +0 whip
 I - a +0 falchion
 Q - a +0 hunting sling
 U - a +0 quarterstaff
 V - a cursed +0 blowgun
 W - a +0 vampiric dagger
 Y - a +1 short sword of venom
Missiles
 b - 10 bolts of flame
 d - 2 throwing nets
 f - 8 bolts of frost
 i - 135 stones (quivered)
 k - 52 bolts
 u - 40 arrows
 w - 11 silver bolts
 A - 3 poisoned javelins
 O - 18 sling bullets
 T - 3 javelins
 X - 8 poisoned needles
Armour
 c - a +0 helmet (worn)
 y - a +0 pair of gloves (worn)
 J - a +0 chain mail (worn)
Jewellery
 r - a ring of fire (left hand)
 G - an amulet of stasis (around neck)
 P - a ring of protection from fire (right hand)
Magical devices
 D - a wand of invisibility (5)
 L - a wand of draining (1)
Scrolls
 g - 3 scrolls of enchant armour {unknown}
 j - 7 scrolls of identify {unknown}
 o - a scroll of enchant weapon {unknown}
 p - a scroll of fog {unknown}
 s - a scroll of magic mapping {unknown}
 x - 2 scrolls of random uselessness {unknown}
 z - a scroll of teleportation {unknown}
 B - 2 scrolls of blinking {unknown}
 E - 2 scrolls of amnesia {unknown}
Potions
 n - 2 potions of lignification
 v - a potion of flight
 F - a potion of agility {unknown}
 K - 2 potions of degeneration {unknown}
 N - a potion of cure mutation {unknown}
 Z - a potion of heal wounds
Miscellaneous
 M - an ornate deck of war {drawn: 1}
 R - a legendary deck of destruction
Comestibles
 e - 3 bread rations
 m - 2 slices of pizza


   Skills:
 + Level 2.5 Fighting
 + Level 5.9 Polearms
 + Level 3.6 Throwing
 + Level 2.1 Armour
 + Level 5.6 Dodging
 + Level 1.0 Stealth
 + Level 0.6 Evocations


You had 5 spell levels left.
You didn't know any spells.

Dungeon Overview and Level Annotations

Branches:
Dungeon (5/15)
 Temple: D:4-7

Altars:
Cheibriados
Elyvilon
Nemelex Xobeh

Shops:
D:4 *


Message History

You closely miss the ice beast.
The ice beast is lightly wounded.
The ice beast hits you. The ice beast freezes you!!
You feel a terrible chill!
You hit the ice beast.
The ice beast is lightly wounded.
You hit the ice beast but do no damage.
The ice beast is lightly wounded.
The ice beast hits you. The ice beast freezes you!!
You feel a terrible chill!
* * * LOW HITPOINT WARNING * * *
You closely miss the ice beast.
The ice beast is lightly wounded.
The ice beast hits you but does no damage.
The adder skeleton bites you.
* * * LOW HITPOINT WARNING * * *
You hit the ice beast but do no damage.
The ice beast is poisoned.
The ice beast is lightly wounded.
The adder skeleton bites you but does no damage.
The ice beast hits you.
You die...
Your body glows slightly and disappears.

#...>......... ...
#..#.........# #...
###..#.......>.#
#...##
#...............
.....###..
#........... .
#.[..... ###..######.
...#..... ##.# ##
#.......### #.##
#......Y@.#######..##
...#...Z......##....##
#...###............#
#.(# ####.......#..#
#.(# ###...#.#.## ..(#
###.....# . ..(
####....#### #. (.
##......## ..
.........#


You could see an ice beast and an adder skeleton.

Vanquished Creatures
  A giant frog skeleton (D:4)
  A gnoll shaman (D:4)
  2 orc wizards
  3 adders (D:2)
  8 gnolls
  A river rat (D:4)
  A worm (D:3)
  2 giant geckos
  8 orcs
  A bat skeleton (D:4)
  4 giant cockroaches
  11 goblins
  11 hobgoblins
  7 jackals
  4 quokkas
  7 bats
  3 giant newts
  9 kobolds
  3 rats
  A plant (D:4)
88 creatures vanquished.

Vanquished Creatures (collateral kills)
  An orc wizard (D:4)
  2 orcs (D:4)
3 creatures vanquished.

Grand Total: 91 creatures vanquished

Notes
Turn   | Place    | Note
--------------------------------------------------------------
     0 | D:1      | mrath the Merfolk Gladiator began the quest for the Orb.
     0 | D:1      | Reached XP level 1. HP: 16/16 MP: 1/1
   210 | D:1      | Reached XP level 2. HP: 19/22 MP: 2/2
   260 | D:1      | Reached skill level 5 in Polearms
  1275 | D:1      | Found a sparkling altar of Nemelex Xobeh.
  1285 | D:1      | Became a worshipper of Nemelex Xobeh the Trickster
  1330 | D:2      | Received a gift from Nemelex Xobeh
  1415 | D:2      | Reached XP level 3. HP: 27/27 MP: 3/3
  1958 | D:2      | Reached XP level 4. HP: 23/34 MP: 4/4
  1967 | D:2      | Reached skill level 1 in Armour
  2841 | D:3      | Reached skill level 5 in Dodging
  2883 | D:3      | Reached XP level 5. HP: 27/39 MP: 5/5
  3491 | D:3      | Received a gift from Nemelex Xobeh
  3813 | D:4      | Found a snail-covered altar of Cheibriados.
  3864 | D:4      | Reached skill level 1 in Stealth
  3864 | D:4      | Reached XP level 6. HP: 34/46 MP: 6/6
  4575 | D:4      | Found Mitauk's General Store.
  4709 | D:4      | Received a gift from Nemelex Xobeh
  4892 | D:5      | Entered Level 5 of the Dungeon
  4910 | D:5      | Found a white marble altar of Elyvilon.
  5031 | D:5      | HP: 2/46 [ice beast (21)]
  5033 | D:5      | Slain by an ice beast

Vault maps used:
D:1:      lemuel_arrival_hallway, nemelex_altar_shiori
D:2:      first_bread
D:4:      kennysheep_mini_moat, serial_bayou, serial_bayou_shore_a,
          serial_bayou_shore_b, serial_bayou_shore_b, serial_bayou_pond_c,
          serial_shops, shop, grunt_decor_arrowhead, serial_park_tiny_pond
D:5:      basic_altar, elyvilon_altar_1

Action                   |  1- 3 |  4- 6 || total
-------------------------+-------+-------++-------
Melee: Trident           |    85 |    14 ||    99
       Spear             |       |   170 ||   170
 Fire: Hunting sling     |       |     5 ||     5
Throw: Stone             |    59 |    20 ||    79
       Throwing net      |     1 |     1 ||     2
       Javelin           |       |    34 ||    34
Evoke: Deck              |       |    11 ||    11
  Use: Potion            |       |     4 ||     4
  Eat: Royal jelly       |     1 |       ||     1
       Chunk             |     1 |     3 ||     4
       Bread ration      |       |     1 ||     1
       Fruit             |       |     1 ||     1
       Meat ration       |       |     1 ||     1
